 Dungeon Crawl Stone Soup version 0.21.1-1-g345015f (webtiles) character file.

375 Figureslego113 the Carver (level 6, -2/48 HPs)
             Began as a Barachi Fighter on July 20, 2018.
             Slain by an ogre
             ... wielding a +0 giant spiked club
              (25 damage)
             ... on level 4 of the Dungeon.
             The game lasted 00:10:54 (2784 turns).

Figureslego113 the Carver (Barachi Fighter)         Turns: 2784, Time: 00:10:54

Health: -2/48      AC:  7    Str: 20    XL:     6   Next: 72%
Magic:  0/6        EV:  9    Int:  8    God:
Gold:   84         SH:  9    Dex: 11    Spells: 5/5 levels left

rFire    . . .     SeeInvis +   a - +0 long sword
rCold    . . .     Gourm    .   c - +0 shield
rNeg     . . .     Faith    .   b - +0 scale mail
rPois    .         Spirit   +   (no helmet)
rElec    .         Reflect  .   (no cloak)
rCorr    .         Harm     .   (no gloves)
MR       .....                  (no boots)
Stlth    ..........             j - amulet of guardian spirit
HPRegen  0.16/turn              i - +2 ring of evasion
MPRegen  0.10/turn              n - ring of see invisible

@: can't hop, flying, slow
A: +LOS, swims, slowness 1, evolution 1, sturdy frame 1, strong legs 1
a: Hop


You were on level 4 of the Dungeon.
You were not hungry.

You visited 1 branch of the dungeon, and saw 4 of its levels.

You collected 84 gold pieces.

Inventory:

Hand Weapons
 a - a +0 long sword (weapon)
 w - a +2 dagger of electrocution
Armour
 b - a +0 scale mail (worn)
 c - a +0 shield (worn)
Jewellery
 i - a +2 ring of evasion (left hand)
 j - an amulet of guardian spirit (around neck)
 n - a ring of see invisible (right hand)
 o - an uncursed ring of protection from magic
 p - an uncursed ring of positive energy
 s - a cursed -4 ring of evasion
Scrolls
 g - a scroll of blinking {unknown}
 k - 4 scrolls of identify {unknown}
 l - 4 scrolls of remove curse {unknown}
 m - 3 scrolls of teleportation {unknown}
 q - 2 scrolls of enchant weapon {unknown}
 t - a scroll of magic mapping {unknown}
 y - a scroll of noise {unknown}
Potions
 d - 3 potions of might
 h - a potion of curing
 r - 3 potions of haste
 x - a potion of agility {unknown}
Comestibles
 f - 2 rations


   Skills:
 - Level 3.8 Fighting
 * Level 8.1 Long Blades
 - Level 3.8 Armour
 - Level 0.2 Stealth
 - Level 3.4 Shields


You had 5 spell levels left.
You didn't know any spells.

Dungeon Overview and Level Annotations

Branches:
Dungeon (4/15)
 Temple: D:4-7

Altars:
Ru
Yredelemnul


Innate Abilities, Weirdness & Mutations

Shadows flee at your approach. (+LOS)
You can swim through water.
You cover ground slowly.
You can hop short distances.
You evolve.
Your movements are slightly less encumbered by armour. (ER -2)


Message History

The ogre hits you with a giant spiked club!
The ogre hits you with a giant spiked club!
All of the chunks of flesh in your inventory have rotted away.
Firing (i - inventory): No suitable missiles.
Press: ? - help, Shift-Dir - straight line, f - ogre
Aim: an ogre, wielding a giant spiked club
Okay, then.
Hop to where?
Press: ? - help, Dir - move target cursor Boing!
It was a potion of flight.
You feel very buoyant.
You fly up into the air.
It was a potion of curing.
You feel better.
It was a potion of mutation.
You feel extremely strange.
You feel less encumbered by your armour.
You feel nature experimenting on you.
Don't worry, failures die fast.
The ogre hits you with a giant spiked club!!
Ouch! That really hurt!
You die...

##.## ########...## ............#
########### .#######...##
#.......... .# ##.## #.#########
.########.# #.# .......##.# #.#
.#####.##.########### #.# .##
#.##......O@...# #.#
..####.############.# #.#
.....#.# #.# #.# .....#.## #.#
#.# ........###########.###.#
.........(............#.#########
........#####.#####>#.#....(.....
........# #.#.# #.#.#>.########
†......## #.# #.###......# #####


You could see an ogre.

Vanquished Creatures
  A hungry ghost (D:3)
  An ogre (D:4)
  A howler monkey (D:4)
  4 adders
  2 oozes
  An adder skeleton (D:3)
  2 dart slugs
  A leopard gecko (D:2)
  An orc (D:3)
  5 bats
  5 giant cockroaches
  2 gnoll zombies (D:3)
  11 goblins
  5 hobgoblins
  2 jackals (D:3)
  2 quokkas (D:2)
  4 frilled lizards
  A jackal skeleton (D:4)
  10 kobolds
  7 rats
68 creatures vanquished.

Notes
Turn   | Place    | Note
-------+----------+-------------------------------------------
     0 | D:1      | Figureslego113 the Barachi Fighter began the quest for the Orb.
     0 | D:1      | Reached XP level 1. HP: 18/18 MP: 1/1
    80 | D:1      | Reached XP level 2. HP: 18/25 MP: 2/2
   214 | D:1      | Reached skill level 3 in Long Blades
   340 | D:1      | Reached XP level 3. HP: 30/30 MP: 3/3
   657 | D:2      | Reached skill level 4 in Long Blades
   869 | D:2      | Found a sacrificial altar of Ru.
   881 | D:2      | Reached XP level 4. HP: 34/37 MP: 4/4
  1113 | D:2      | Reached skill level 5 in Long Blades
  1557 | D:3      | Noticed a hungry ghost
  1607 | D:3      | Killed a hungry ghost
  1607 | D:3      | Reached skill level 7 in Long Blades
  1607 | D:3      | Reached XP level 5. HP: 33/42 MP: 5/5
  1607 | D:3      | Reached XP level 6. HP: 37/48 MP: 6/6
  2230 | D:3      | Found a basalt altar of Yredelemnul.
  2701 | D:4      | Reached skill level 8 in Long Blades
  2782 | D:4      | Gained mutation: Your movements are slightly less encumbered by armour. (ER -2) [potion of mutation]
  2782 | D:4      | Gained mutation: You evolve. [potion of mutation]
  2784 | D:4      | Slain by an ogre

Skill      XL: |  1  2  3  4  5  6 |
---------------+-------------------+-----
Long Blades    | 3 4 7 8 |  8.1
Fighting       | |  3.8
Armour         | |  3.8
Stealth        | |  0.2
Shields        | |  3.4

Action                   |  1- 3 |  4- 6 || total
-------------------------+-------+-------++-------
Melee: Long sword        |   128 |   153 ||   281
 Abil: Hop               |       |     1 ||     1
  Use: Potion            |       |     5 ||     5
  Eat: Chunk             |     1 |     5 ||     6
       Ration            |       |     5 ||     5
Armor: Scale mail        |    86 |    58 ||   144
Dodge: Dodged            |    52 |    45 ||    97
Block: Shield            |    72 |    58 ||   130
       Rpst.: Long sword |    21 |    17 ||    38
